 Dungeon Crawl Stone Soup version 0.26-a0-651-gb41185065b (webtiles) character file.

Game seed: 1901521815832601362

37 Irenicus the Cudgeler (level 3, -2/33 HPs)
             Began as a Troll Gladiator on Oct 6, 2020.
             Was an Initiate of Gozag.
             Slain by a scorpion (3 damage)
             ... on level 3 of the Dungeon.
             The game lasted 00:04:21 (894 turns).

Irenicus the Cudgeler (Troll Gladiator)              Turns: 894, Time: 00:04:21

Health: -2/33      AC:  6    Str: 22    XL:     3   Next: 23%
Magic:  2/2        EV: 10    Int:  4    God:    Gozag
Gold:   133        SH:  0    Dex: 12    Spells: 2/2 levels left

rFire    + . .     SeeInvis .   a - +0 flail
rCold    + . .     Faith    .   (no shield)
rNeg     . . .     Spirit   .   b - +0 robe
rPois    .         Reflect  .   c - +0 hat
rElec    .         Harm     .   k - scarf {rC+ rF+}
rCorr    .         Rampage  .   (gloves unavailable)
MR       .....     Rnd*Tele +   (boots unavailable)
Stlth    +.........             (no amulet)
HPRegen  0.51/turn              m - ring of teleportation (curse) {+/*tele, !d}
MPRegen  0.08/turn              (no ring)

@: lethally poisoned (-2 -> -7), stab
A: large, unfitting armour, claws 3, regeneration 1, shaggy fur 1, tough skin 3
a: Potion Petition, Call Merchant, Bribe Branch, Renounce Religion


You were on level 3 of the Dungeon.
You worshipped Gozag.
Gozag was aware of your devotion.
You visited 1 branch of the dungeon, and saw 3 of its levels.

You collected 176 gold pieces.
You paid 43 gold pieces to Gozag.

Inventory:

Hand Weapons
 a - a +0 flail (weapon)
Missiles
 d - 3 throwing nets {=f, !d}
Armour
 b - a +0 robe (worn)
 c - a +0 hat (worn)
 k - a scarf of resistance (worn)
   (You found it on level 1 of the Dungeon)
Jewellery
 m - a cursed ring of teleportation (left claw) {+/*tele, !d}
   (You found it on level 2 of the Dungeon)
Scrolls
 e - a scroll of identify {unknown}
 f - a scroll of teleportation {unknown}
 i - a scroll of remove curse {unknown}
 j - 3 scrolls of amnesia {unknown}
 l - a scroll of enchant armour {unknown}
Potions
 g - a potion of curing {unknown}


   Skills:
 - Level 1.5 Fighting
 + Level 3.9 Maces & Flails
 - Level 1.7 Throwing
 - Level 2.4 Dodging


You had 2 spell levels left.
You didn't know any spells.
Your spell library was empty.

Dungeon Overview and Level Annotations

Branches:
Dungeon (3/15)

Altars:
Gozag
Vehumet


Innate Abilities, Weirdness & Mutations

You are too large for most types of armour.
You have claws for hands.
Your natural rate of healing is unusually fast.
You are covered in fur. (AC +1)
You have extremely tough skin. (AC +3)


Message History

The bat hits you but does no damage. The bat closely misses you.
The bat hits you but does no damage. The bat barely misses you.
The bat barely misses you. The bat barely misses you.
The bat hits you but does no damage. The bat barely misses you.
The bat hits you.
You take 1 damage, and have 32/33 hp.
The bat hits you. The bat hits you but does no damage.
You see here a robe.
The bat hits you but does no damage.
Health restored: 33 You barely miss the bat.
The bat hits you. The bat hits you but does no damage. The bat hits you.
You take 2 damage, and have 31/33 hp.
The bat closely misses you. The bat barely misses you.
You hit the bat.
You kill the bat!
Health restored: 33 You now have 83 gold pieces (gained 8).
You now have 97 gold pieces (gained 14).
You see here a short sword.
You now have 113 gold pieces (gained 16).
m - a granite ring You feel slightly jumpy.
Oops, that ring feels deathly cold.
m - a cursed ring of teleportation (left claw)
You see here 22 stones.
There is an escape hatch in the floor here.
You slide downwards.
The hatch slams shut behind you.
Found a scroll labeled PUEBUEKUO.
Found a stone staircase leading down.
j - 2 scrolls labeled PUEBUEKUO (gained 1)
A kobold comes into view.
You now have 126 gold pieces (gained 13).
j - 3 scrolls labeled PUEBUEKUO (gained 1)
You open the door.
A giant cockroach comes into view.
There is an open door here.
You barely miss the giant cockroach.
The giant cockroach bites you but does no damage.
You hit the giant cockroach but do no damage.
The giant cockroach bites you. The giant cockroach barely misses you.
You take 1 damage, and have 32/33 hp.
You closely miss the giant cockroach. The giant cockroach bites you.
You take 2 damage, and have 30/33 hp.
You closely miss the giant cockroach.
The giant cockroach bites you but does no damage.
The giant cockroach closely misses you.
You completely miss the giant cockroach.
The giant cockroach bites you but does no damage.
You sock the giant cockroach!
You kill the giant cockroach!
You now have 130 gold pieces (gained 4).
Health restored: 33 An orc comes into view.
It is wielding a +0 dagger.
The orc shouts!
A scorpion comes into view.
The orc closely misses you.
You barely miss the orc. The orc hits you but does no damage.
You sock the orc!
You kill the orc!
Things that are here:
3 gold pieces; a +0 dagger You now have 133 gold pieces (gained 3).
You closely miss the scorpion. The scorpion stings you.
You take 5 damage, and have 28/33 hp.
You hit the scorpion but do no damage. The scorpion stings you.
You take 4 damage, and have 24/33 hp.
You hit the scorpion but do no damage.
The scorpion stings you but does no damage. x2
You barely miss the scorpion. The scorpion barely misses you.
You hit the scorpion but do no damage. The scorpion stings you.
You are poisoned.
The scorpion poisons you!
You take 5 damage, and have 21/33 hp.
You sock the scorpion!
The scorpion is heavily wounded.
You feel sick. The scorpion misses you.
You closely miss the scorpion.
The scorpion is heavily wounded.
You feel sick.
The scorpion stings you but does no damage.
You take 1 damage, and have 20/33 hp.
You closely miss the scorpion.
The scorpion is heavily wounded.
You feel sick. The scorpion stings you.
You are more poisoned.
The scorpion poisons you! The scorpion stings you.
You take 8 damage, and have 12/33 hp.
MASSIVE DAMAGE!!
You barely miss the scorpion.
The scorpion is heavily wounded.
You feel sick. The scorpion stings you!
* * * LOW HITPOINT WARNING * * *
You take 10 damage, and have 2/33 hp.
MASSIVE DAMAGE!!
Okay, then.
It was a potion of stabbing.
You feel ready to backstab.
* * * LOW HITPOINT WARNING * * *
You feel sick. The scorpion stings you.
You die...
Your body crumbles into a pile of gold.

#.... ♣...♣ #....
....♣♣♣ #..## .....#
#...# #....# #.#.##
#....# # #..# .###....#
##.## # ........# #..#.#
......s@######. ##.#.#
............... ##...##.
........#########.......
................'...>...
....#############.......
.... #....... ...
#....... .. #.......
#.......


You could see a scorpion.

Vanquished Creatures
  An adder (D:2)
  A leopard gecko (D:2)
  An orc (D:3)
  2 giant cockroaches
  2 goblins (D:1)
  2 hobgoblins
  4 jackals (D:1)
  2 quokkas (D:2)
  4 bats
  2 kobolds
  3 rats
24 creatures vanquished.

Notes
Turn   | Place    | Note
-------+----------+-------------------------------------------
     0 | D:1      | Irenicus the Troll Gladiator began the quest for the Orb.
     0 | D:1      | Reached XP level 1. HP: 19/19 MP: 0/0
   259 | D:1      | Reached skill level 3 in Maces & Flails
   282 | D:1      | Reached XP level 2. HP: 11/27 MP: 1/1
   286 | D:1      | HP: 6/27 [jackal (1)]
   581 | D:2      | Reached XP level 3. HP: 23/33 MP: 2/2
   584 | D:2      | Found an opulent altar of Gozag.
   597 | D:2      | Became a worshipper of Gozag Ym Sagoz the Greedy
   620 | D:2      | Found a radiant altar of Vehumet.
   879 | D:3      | Noticed a scorpion
   893 | D:3      | HP: 2/33 [scorpion (9)]
   894 | D:3      | Slain by a scorpion

Illustrated notes

Levels and vault maps discovered:
D:1:      heliophobic_arrival_glass_houses, layout_basic
D:2:      layout_basic, vehumet_crystals, nicolae_gozag_seed_capital
D:3:      layout_basic, fedhas_altar_fruit_tree, grunt_ministairs_5

Skill      XL: |  1 |
---------------+----+-----
Maces & Flails | 3 |  3.9
Fighting       | |  1.5
Throwing       | |  1.7
Dodging        | |  2.4

Action                   || total
-------------------------++-------
Melee: Flail             ||    96
  Use: Potion            ||     1
Armor: Robe              ||    90
Dodge: Dodged            ||    96

Table legend: (Time is in decaauts)
 A = Elapsed time spent in this place.
 B = Non-inter-level travel time spent in this place.
 C = Inter-level travel time spent in this place.
 D = Time resting spent in this place.
 E = Time spent auto-exploring this place.
 F = Levels seen in this place.
 G = Mean time per level.
                   A        B        C        D        E       F      G
               +--------+--------+--------+--------+--------+-----+--------+
         Total |    915 |    915 |      0 |      0 |      0 |   3 |  305.0 |
       Dungeon |    915 |    915 |      0 |      0 |      0 |   3 |  305.0 |
               +--------+--------+--------+--------+--------+-----+--------+

Top non-repeatable levels by time:
     D:1: 507 daAuts
     D:2: 357 daAuts
     D:3: 51 daAuts

Table legend:
 A = Kills in this place as a percentage of kills in entire the game.
 B = Kills by you in this place as a percentage of kills by you in the entire game.
 C = Kills by friends in this place as a percentage of kills by friends in the entire game.
 D = Other kills in this place as a percentage of other kills in the entire game.
 E = Experience gained in this place as a percentage of experience gained in the entire game.
 F = Experience gained in this place divided by the number of levels of this place that you have seen.
                   A       B       C       D       E      F
               +-------+-------+-------+-------+-------+----------------------
         Total | 100.0 | 100.0 |   N/A |   N/A | 100.0 |  18.0
       Dungeon | 100.0 | 100.0 |   N/A |   N/A | 100.0 |  18.0
               +-------+-------+-------+-------+-------+----------------------
